 Dungeon Crawl Stone Soup version 0.20.0-15-g7f486f2 (webtiles) character file.

184 vishdafish the Digger (level 5, -3/40 HPs)
             Began as a Draconian Earth Elementalist on June 29, 2017.
             Slain by an ogre
             ... wielding a +0 giant club
              (22 damage)
             ... on level 3 of the Dungeon.
             The game lasted 00:08:31 (3529 turns).

vishdafish the Digger (DrEE)                        Turns: 3529, Time: 00:08:32

Health: -3/40      AC:  5    Str: 11    XL:     5   Next: 36%
Magic:  9/9        EV:  9    Int: 16    God:
Gold:   134        SH:  0    Dex: 11    Spells: 9/10 levels left

rFire    . . .     SeeInvis .   (no weapon)
rCold    . . .     Gourm    .   (no shield)
rNeg     . . .     Faith    .   (armour unavailable)
rPois    .         Spirit   .   (helmet restricted)
rElec    .         Reflect  .   (no cloak)
rCorr    +         Harm     .   (no gloves)
MR       .....                  (no boots)
Stlth    ++........             (no amulet)
Regen    0.2/turn               l - ring of resist corrosion
MPRegen  0.2/turn               o - -3 ring of evasion (curse)

@: no status effects
A: unfitting armour, cold-blooded, AC +5
a: no special abilities


You were on level 3 of the Dungeon.
You were hungry.

You visited 1 branch of the dungeon, and saw 3 of its levels.

You collected 134 gold pieces.

Inventory:

Missiles
 b - 123 stones (quivered)
Jewellery
 l - a ring of resist corrosion (left hand)
 o - a cursed -3 ring of evasion (right hand)
 q - a +3 ring of slaying {unknown}
Wands
 n - a wand of random effects (22/48)
Scrolls
 g - a scroll of amnesia
 h - a scroll of fog
 i - 2 scrolls of magic mapping
 j - 2 scrolls of teleportation
 k - a scroll of enchant armour {unknown}
Potions
 c - a potion of lignification {unknown}
 e - a potion of invisibility {unknown}
 m - 2 potions of cancellation {unknown}
Books
 d - a book of Geomancy

   Spells                             Type                      Level
   a - Sandblast                      Earth                        1
   b - Passwall                       Transmutation/Earth          2
   c - Stone Arrow                    Conjuration/Earth            3
   d - Petrify                        Transmutation/Earth          4
   e - Lee's Rapid Deconstruction     Earth                        5
Comestibles
 a - 2 royal jellies
 f - a fruit
 p - a bread ration


   Skills:
 + Level 1.4 Fighting
 + Level 2.4 Dodging
 - Level 2.0 Stealth
 * Level 3.3 Spellcasting
   Level 1.0 Transmutations
 * Level 4.5 Earth Magic


You had 9 spell levels left.
You knew the following spells:

 Your Spells              Type           Power        Failure   Level  Hunger
a - Sandblast             Erth           ###...       2%          1    None


Dungeon Overview and Level Annotations

Branches:
Dungeon (3/15)

Altars:


Innate Abilities, Weirdness & Mutations

Your plain brown scales are hard. (AC +5)
You cannot fit into any form of body armour.
You are cold-blooded and may be slowed by cold attacks.


Message History

You now have 134 gold pieces (gained 7).
q - a knobbly diamond ring You are feeling hungry.
An ogre is nearby!
Evoke which item? (* to show all) (? for menu, Esc to quit)
Aiming: Random Effects (will waste charges)
Press: ? - help, Shift-Dir - straight line, f - ogre
Aim: an ogre, wielding a giant club (hasn't noticed you)
The ogre shouts!
The ogre seems to speed up.
Evoking this partially-identified wand wasted a few charges.
Found 27 arrows.
You see here 27 arrows.
The ogre barely misses you. The ogre hits you with a giant club!!
Ouch! That really hurt!
The ogre closely misses you. The ogre hits you with a giant club!!
Ouch! That really hurt!
You die...

#..# #(# #.##.######...##
####..####.#### #.##.# #......
..............# #)##.# #......
####..####.##.# #)##.##**#.#....
.#....## #.##.####.##...,,..#....
.......# #.##....#(##..##***#..##
.#.#.#.# #.#####.#.##...# #..*#
,#.#.#.# #.# #O#.#*#..#####.,*#
,#.#.#.# #.# #@#.###........,*#
,#.#.#.###.#####.#.....#######.##
,..#.....................).....#.
*#####.###.#####.###############.
######.# #.#,,.....#####.........
.......# #.#*###.#...............
######.# #.#*,,.............#....
#.# #.#*,,...........#...#..
#########.#*,....#######.#####.#


You could see an ogre.

Vanquished Creatures
  2 orc wizards (D:3)
  Robin (D:1)
  3 adders
  A worm (D:3)
  A dart slug (D:2)
  2 leopard geckos
  8 orcs (D:3)
  3 bats
  3 giant cockroaches (D:2)
  13 goblins
  7 hobgoblins
  9 jackals
  8 kobolds
  A quokka (D:3)
  A ball python (D:2)
  A frilled lizard (D:2)
  9 rats
73 creatures vanquished.

Notes
Turn   | Place    | Note
-------+----------+-------------------------------------------
     0 | D:1      | vishdafish the Draconian Earth Elementalist began the quest for the Orb.
     0 | D:1      | Reached XP level 1. HP: 14/14 MP: 3/3
   601 | D:1      | Reached XP level 2. HP: 20/20 MP: 5/5
  1378 | D:2      | Noticed Robin
  1449 | D:1      | Killed Robin
  1449 | D:1      | Reached XP level 3. HP: 21/27 MP: 1/6
  2069 | D:2      | Reached XP level 4. HP: 34/34 MP: 2/8
  2267 | D:2      | Reached skill level 4 in Earth Magic
  2307 | D:2      | Reached skill level 1 in Fighting
  2586 | D:3      | Noticed an ogre
  2802 | D:3      | Reached XP level 5. HP: 40/40 MP: 1/9
  3529 | D:3      | Slain by an ogre

Skill      XL: |  1  2  3  4 |
---------------+-------------+-----
Stealth        | 2 |  2.0
Dodging        | 2 |  2.4
Earth Magic    | 4 |  4.5
Fighting       | 1 |  1.4
Spellcasting   | 3 |  3.3
Transmutations | |  1.0

Action                   |  1- 3 |  4- 6 || total
-------------------------+-------+-------++-------
Melee: Unarmed           |   103 |   138 ||   241
       Tailslap          |     7 |    15 ||    22
 Cast: Sandblast         |    45 |    45 ||    90
Evoke: Wand              |       |     1 ||     1
  Use: Scroll            |       |     4 ||     4
 Stab: Sleeping          |     4 |     1 ||     5
  Eat: Bread ration      |     1 |       ||     1
       Chunk             |       |     4 ||     4
Armor: Skin              |    43 |    63 ||   106
Dodge: Dodged            |    90 |    83 ||   173
